 Dungeon Crawl Stone Soup version 0.30.1-11-g7821555f0a (webtiles) character file.

Game seed: 14731866167464608942

40189 GimliDwarf the Devastator (level 14, -2/80 HPs)
             Began as a Tengu Conjurer on Jan 3, 2024.
             Was the Champion of Qazlal.
             Succumbed to a cane toad's poison
             ... on level 4 of the Lair of Beasts.
             The game lasted 01:20:05 (20385 turns).

GimliDwarf the Devastator (Tengu Conjurer)         Turns: 20385, Time: 01:20:05

Health: -2/80      AC: 10    Str: 10    XL:     14   Next: 9%
Magic:  39/49      EV: 14    Int: 24    God:    Qazlal [******]
Gold:   784        SH:  8    Dex: 12    Spells: 27/37 levels left

rFire   + + .        G - +7 spear "Ydoruohu" {venom, *Rage Will+ MP+9 SInv}
rCold   + . .        (no shield)
rNeg    . . .        M - +3 leather armour {rC+ rF+}
rPois   +            (helmet restricted)
rElec   +            p - +2 cloak
rCorr   .            (no gloves)
SInv    +            (boots unavailable)
Will    +++..        n - amulet of regeneration
Stlth   +            D - ring of magical power
HPRegen 1.13/turn    C - ring "Utehes" {Fly rElec rPois rF+ Int+2}
MPRegen 0.31/turn

%: random rage (20%), repel missiles
@: lethally poisoned (-2 -> -13), on berserk cooldown, flying quickly and
evasively, slowed, very slow
A: beak, talons 3, nimble flight, strong-willed 1, wild magic 1
a: Renounce Religion, Upheaval, Elemental Force, Disaster Area


You were on level 4 of the Lair of Beasts.
You worshipped Qazlal.
Qazlal was exalted by your worship.
You visited 3 branches of the dungeon, and saw 16 of its levels.
You also visited: Ossuary, Bailey and Ice Cave.

You collected 1791 gold pieces.
You spent 1007 gold pieces at shops.

Inventory:

Hand Weapons
 c - a +3 sling of draining
 k - the +4 hand axe of Turmoil {pain, MP+9 Str+3 Int+3 Stlth+}
   (You found it on level 3 of the Dungeon)

   Str:       It affects your strength (+3).
   Int:       It affects your intelligence (+3).
   MP:        It affects your magic capacity (+9).
   Stlth:     It makes you more stealthy.
 G - the +7 spear "Ydoruohu" (weapon) {venom, *Rage Will+ MP+9 SInv}
   (You found it on level 9 of the Dungeon)

   MP:        It affects your magic capacity (+9).
   SInv:      It lets you see invisible.
   *Rage:     It berserks you when you make melee attacks (+20% chance).
   Will:      It increases your willpower.
 P - the +4 trident of an ice cave {holy, *Noise rCorr Str+4 SInv}
   (You found it on level 3 of the Lair of Beasts)

   Str:       It affects your strength (+4).
   SInv:      It lets you see invisible.
   *Noise:    It may make noises in combat.
   rCorr:     It protects you from acid and corrosion.
Missiles
 a - 4 silver javelins
 g - 9 boomerangs
 i - 2 throwing nets
Armour
 o - a +2 robe of willpower
 p - a +2 cloak (worn)
 M - a +3 leather armour of resistance (worn)
Jewellery
 n - an amulet of regeneration (around neck)
 q - a ring of resist corrosion
 C - the ring "Utehes" (right hand) {Fly rElec rPois rF+ Int+2}
   (You bought it in a shop on level 3 of the Dungeon)

   [ring of flight]

   Int:       It affects your intelligence (+2).
   rF:        It protects you from fire.
   rElec:     It insulates you from electricity.
   rPois:     It protects you from poison.
   Fly:       It grants you flight.
 D - a ring of magical power (left hand)
 N - a ring of ice
Wands
 d - a wand of polymorph (7)
 t - a wand of light (2)
 y - a wand of digging (9)
 A - a wand of paralysis (13)
 B - a wand of flame (68)
Scrolls
 f - a scroll of identify
 j - 5 scrolls of teleportation
 w - 4 scrolls of fog
 x - a scroll of blinking
 I - 3 scrolls of poison
 K - 2 scrolls of silence
 L - a scroll of fear
 O - 2 scrolls of amnesia
Potions
 b - 3 potions of magic
 e - 8 potions of curing
 h - 2 potions of heal wounds {unknown}
 l - 4 potions of mutation
 m - 2 potions of cancellation {unknown}
 r - 3 potions of brilliance
 s - 4 potions of lignification {unknown}
 z - 5 potions of might
 E - 2 potions of berserk rage {unknown}
 S - a potion of haste {unknown}
Miscellaneous
 u - a phial of floods
 F - a lightning rod (4/4)


   Skills:
 + Level 6.0 Fighting
 + Level 7.0(7.4) Axes
 + Level 3.8(5.9) Polearms
 - Level 5.4 Ranged Weapons
 + Level 0.8 Throwing
 * Level 9.4 Armour
 - Level 2.1 Dodging
 - Level 2.0 Stealth
 + Level 3.8 Shields
 * Level 12.2 Spellcasting
 * Level 17.8 Conjurations
 + Level 1.7 Hexes
 + Level 3.4 Translocations
 + Level 1.0 Evocations


You had 27 spell levels left.
You knew the following spells:

 Your Spells              Type           Power      Damage    Failure   Level
b - Searing Ray           Conj           100%       2d8       1%          2
c - Iskenderun's Mystic   Conj/Tloc      71%        2d14      1%          4
d - Fulminant Prism       Conj/Hex       34%        3d15      1%          4

Your spell library contained the following spells:

 Spells                   Type           Power      Damage    Failure   Level
 Magic Dart               Conj           100%       1d8       1%          1
 Shock                    Conj/Air       100%       1d9       1%          1
 Dazzling Flash           Conj/Hex       100%       N/A       1%          3
 Sublimation of Blood     Necr           19%        N/A       13%         2
 Wereblood                Tmut           19%        N/A       13%         2
 Ozocubu's Armour         Ice            19%        N/A       22%         3
 Metabolic Englaciation   Hex/Ice        12%        N/A       78%         5
 Simulacrum               Ice/Necr       9%         N/A       100%        6
 Summon Hydra             Summ           9%         N/A       100%        7


Dungeon Overview and Level Annotations

Branches:
Dungeon (11/15)            Temple (1/1) D:6            Lair (4/5) D:8
  Swamp (0/4) Lair:2        Snake (0/4) Lair:2          Orc (0/2) D:10
Ossuary (visited)          Bailey (visited)           IceCv (visited)
  Slime: Lair:4-5

Altars:
Ashenzari
Cheibriados
Dithmenos
Elyvilon
Fedhas
Gozag
Hepliaklqana
Kikubaaqudgha
Makhleb
Nemelex Xobeh
Okawaru
Qazlal
Ru
Sif Muna
Trog
Uskayaw
Vehumet
Wu Jian
Xom
Yredelemnul
Zin
The Shining One

Shops:
D:3 =   D:8 ?

Annotations:
D:9 3 runed translucent doors, middlethird's ghost, novice VSTm


Innate Abilities, Weirdness & Mutations

You have a beak for a mouth.
You have claws for feet.
Your magical nature lets you fly swiftly and evasively.
You are strong-willed. (Will+)
Your spells are a little harder to cast, but a little more powerful.


Message History

You claw the cane toad, but do no damage.
You peck the cane toad.
The cane toad is moderately wounded.
The cane toad stings you!! The cane toad stings you!
You are too injured to fight recklessly!
You are too injured to fight recklessly!
Casting: Iskenderun's Mystic Blast (dangerous; 1% risk of failure)
Confirm with . or Enter, or press ? or * to list all spells.
You erupt in a blast of force!
The mystic blast hits the cane toad.
The cane toad is heavily wounded.
The cane toad is knocked back by the mystic blast.
Aiming: Searing Ray (safe; 1% risk of failure)
Press: ? - help, Q - select action, (/) - cycle Shift-Dir - straight line, f - cane toad
Aim: a cane toad (heavily wounded, 85% to hit)
The searing ray hits the cane toad but does no damage.
The cane toad is heavily wounded. (Press . to maintain the ray.)
The searing ray hits the cane toad!
The cane toad is severely wounded.
You hear a bellow!
The cane toad stings you. You block the cane toad's attack.
The searing ray hits the cane toad.
The cane toad is severely wounded.
The cane toad stings you but does no damage.
You block the cane toad's attack.
The searing ray hits the cane toad!
The cane toad is almost dead.
You finish channelling your searing ray.
The cane toad stings you!!
* * * LOW HITPOINT WARNING * * *
The cane toad stings you!
* * * LOW HITPOINT WARNING * * *
You are lethally poisoned!
The cane toad poisons you!
Casting: Searing Ray (safe; 1% risk of failure)
Confirm with . or Enter, or press ? or * to list all spells.
You erupt in a blast of force!
The mystic blast hits the cane toad!
You kill the cane toad!
Qazlal accepts your kill.
You die...

............#.P......##P.#.#.#...
'.#........#.........###..###..!.
.###.......#.........P#..... ..
..............##.............
..........P#.. #......P.....#
..#........#.. #.......#
####......##..##.°....##
###.......####.○°.......
P..#.........#°.@.......
..............○§.°......
........................
........................
#P#.†...................
###...................##
#......#..######....# ......###..
....# .#.....# .+ ..


There were no monsters in sight!

Vanquished Creatures
  A reaper (IceCv)
  A hydra (D:8)
  2 centaur warriors (D:9)
  A boulder beetle (D:9)
  A death yak (Lair:4)
  A skyshark (Lair:3)
  2 bog bodies (Lair:2)
  Pikel (D:5)
  A deep elf pyromancer (D:9)
  A salamander (Lair:2)
  An ugly thing (D:8)
  10 elephants
  4 black mambas
  2 ice statues (IceCv)
  A gargoyle (D:10)
  13 cane toads
  An unseen horror (shapeshifter) (D:9)
  A freezing wraith (IceCv)
  6 rime drakes
  6 ice devils
  4 komodo dragons
  2 anaconda simulacra (IceCv)
  A polar bear (Lair:3)
  Grinder (D:6)
  3 trolls
  13 blink frogs
  A blink frog (shapeshifter) (D:9)
  9 dream sheep
  Sigmund (D:3)
  A slime creature (D:9)
  A wraith (D:10)
  5 wyverns
  3 dire elephant simulacra (IceCv)
  6 yaks (Lair:4)
  2 basilisks
  Eustachio (D:6)
  4 vampire mosquitoes (D:10)
  Menkaure (Ossuary)
  4 steam dragons
  2 hydra simulacra (IceCv)
  3 harpy simulacra (IceCv)
  Edmund (D:5)
  13 water moccasins
  Duvessa (D:5)
  4 sky beasts (D:8)
  An orc warrior (D:7)
  2 black bears
  3 centaurs
  6 ogres
  21 wolves
  2 phantoms (D:4)
  5 kobold brigands
  4 scorpions
  12 bullfrogs
  10 gnoll sergeants
  A two-headed ogre simulacrum (IceCv)
  A cane toad simulacrum (IceCv)
  3 wights (D:8)
  Dowan (D:5)
  An elephant simulacrum (IceCv)
  11 killer bees (D:9)
  An electric eel (D:8)
  5 howler monkeys
  2 lava snakes (Lair:2)
  10 orc priests
  7 hounds
  A jelly (D:6)
  Crazy Yiuf (D:3)
  8 gnoll boudas (Bailey)
  A sleepcap (D:5)
  Jessica (D:2)
  3 iguanas
  Natasha (twice) (D:3)
  9 orc wizards
  A polar bear simulacrum (IceCv)
  A wolf simulacrum (IceCv)
  3 mummies (Ossuary)
  Robin (D:3)
  25 gnolls
  7 adders
  A naga simulacrum (IceCv)
  2 white imps
  2 ufetubi
  A worm (D:2)
  3 dart slugs
  28 orcs
  7 ball pythons
  8 endoplasms
  A giant cockroach (D:1)
  2 gnoll zombies (Ossuary)
  17 goblins
  8 hobgoblins
  22 kobolds
  4 quokkas
  6 bats
  3 frilled lizards
  A gnoll skeleton (Ossuary)
  4 goblin skeletons (Ossuary)
  6 goblin zombies (Ossuary)
  4 hobgoblin skeletons (Ossuary)
  4 hobgoblin zombies (Ossuary)
  8 kobold skeletons (Ossuary)
  4 kobold zombies (Ossuary)
  5 orc skeletons (Ossuary)
  4 orc zombies (Ossuary)
  2 rats (D:1)
  3 rat skeletons (Ossuary)
  5 rat zombies (Ossuary)
  A butterfly (Lair:3)
483 creatures vanquished.

Vanquished Creatures (others)
  51 fulminant prisms
51 creatures vanquished.

Grand Total: 534 creatures vanquished

Notes
Turn   | Place    | Note
-------+----------+-------------------------------------------
     0 | D:1      | GimliDwarf the Tengu Conjurer began the quest for the Orb.
     0 | D:1      | Reached XP level 1. HP: 10/10 MP: 4/4
   219 | D:1      | Reached XP level 2. HP: 15/15 MP: 6/6
   224 | D:1      | Learned a level 2 spell: Searing Ray
   375 | D:1      | You fall into a shaft and drop 1 floor!
   560 | D:1      | Reached skill level 6 in Conjurations
   583 | D:1      | Reached skill level 1 in Ranged Weapons
   583 | D:1      | Reached XP level 3. HP: 19/19 MP: 2/7
   672 | D:1      | Found a faded altar of an unknown god.
  1285 | D:2      | Reached XP level 4. HP: 24/24 MP: 4/8
  1288 | D:2      | Reached skill level 1 in Armour
  1904 | D:2      | Noticed Jessica
  1907 | D:2      | Killed Jessica
  1908 | D:2      | Gained mutation: Your magical nature lets you fly swiftly
                  | and evasively. [Tengu growth]
  1908 | D:2      | Reached XP level 5. HP: 28/28 MP: 9/9
  2561 | D:3      | Found a burning altar of Makhleb.
  2686 | D:3      | Noticed Robin
  2711 | D:3      | Killed Robin
  2863 | D:3      | Found a shimmering blue altar of Sif Muna.
  2870 | D:3      | Got Sif Muna's Discourse on the Zephyr
  2875 | D:3      | Found a bloodstained altar of Trog.
  2987 | D:3      | Found Symytzu's Jewellery Boutique.
  3042 | D:3      | Identified the +4 hand axe of Turmoil {pain, MP+9 Str+3
                  | Int+3 Stlth+}
  3124 | D:3      | Noticed Sigmund
  3190 | D:3      | Killed Sigmund
  3191 | D:3      | Reached skill level 5 in Ranged Weapons
  3191 | D:3      | Reached XP level 6. HP: 9/33 MP: 10/11
  3310 | D:3      | Noticed Natasha
  3368 | D:3      | Killed Natasha
  3461 | D:3      | Found a runed translucent door.
  3462 | D:3      | Noticed Crazy Yiuf
  3713 | D:3      | Killed Crazy Yiuf
  3829 | D:4      | Reached skill level 1 in Fighting
  3829 | D:4      | Reached XP level 7. HP: 38/38 MP: 12/12
  3997 | D:4      | Reached skill level 7 in Conjurations
  4350 | D:4      | Reached skill level 1 in Axes
  4780 | D:5      | Entered Level 5 of the Dungeon
  4860 | D:5      | Reached skill level 8 in Conjurations
  4860 | D:5      | Reached XP level 8. HP: 43/43 MP: 9/14
  4862 | D:5      | Noticed Edmund
  5207 | D:5      | Killed Edmund
  5284 | D:5      | Found a radiant altar of Vehumet.
  5313 | D:5      | Noticed Pikel
  5324 | D:5      | Killed Pikel
  5325 | D:5      | Reached skill level 5 in Spellcasting
  5325 | D:5      | Reached skill level 9 in Conjurations
  5325 | D:5      | Reached XP level 9. HP: 47/47 MP: 17/17
  5330 | D:5      | Learned a level 4 spell: Iskenderun's Mystic Blast
  5601 | D:6      | Found a staircase to the Ecumenical Temple.
  5605 | D:6      | Reached skill level 10 in Conjurations
  5652 | D:5      | Noticed Duvessa
  5653 | D:5      | Noticed Dowan
  5970 | D:5      | Killed Duvessa
  5979 | D:5      | Killed Dowan
  6233 | Temple   | Entered the Ecumenical Temple
  6323 | Temple   | Became a worshipper of Qazlal Stormbringer
  6499 | D:6      | Found a sparkling altar of Nemelex Xobeh.
  6499 | D:6      | Noticed Grinder
  6506 | D:6      | Killed Grinder
  6534 | D:6      | Reached skill level 11 in Conjurations
  6847 | D:6      | Noticed Eustachio
  6861 | D:6      | Killed Eustachio
  7043 | D:7      | Found a sand-covered staircase.
  7049 | Ossuary  | Entered an ossuary
  7137 | Ossuary  | Reached * piety under Qazlal
  7395 | Ossuary  | Reached ** piety under Qazlal
  7418 | Ossuary  | Noticed Menkaure
  7426 | Ossuary  | Killed Menkaure
  7427 | Ossuary  | Reached XP level 10. HP: 16/53 MP: 18/21
  7759 | Ossuary  | Identified a scroll of acquirement
  7759 | Ossuary  | Acquired 619 gold pieces
  7977 | D:7      | Identified the +5 scale mail of Hopscotch {rF+}
  8180 | D:7      | Found an ornate altar of the Wu Jian Council.
  8323 | D:7      | Reached skill level 12 in Conjurations
  8762 | D:3      | Noticed Natasha
  8766 | D:3      | Killed Natasha
  8831 | D:3      | Bought the ring "Utehes" {Fly rElec rPois rF+ Int+2} for
                  | 609 gold pieces
  8831 | D:3      | Bought a ring of magical power for 260 gold pieces
  9371 | D:8      | Reached skill level 5 in Armour
  9374 | D:8      | Reached skill level 5 in Axes
  9570 | D:8      | Found the +5 woodcutter's axe
  9680 | D:8      | Found a staircase to the Lair.
  9708 | D:8      | Found Cegomp's Magic Scroll Emporium.
  9711 | D:8      | Bought a scroll of identify for 24 gold pieces
  9711 | D:8      | Bought a scroll of identify for 24 gold pieces
  9714 | D:8      | Gained mutation: Your system is resistant to poisons.
                  | (rPois) [potion of mutation]
  9715 | D:8      | Lost mutation: Your system is resistant to poisons. (rPois)
                  | [potion of mutation]
  9715 | D:8      | Gained mutation: Your magical capacity is low. (-10% MP)
                  | [potion of mutation]
  9715 | D:8      | Gained mutation: You have supernaturally acute eyesight.
                  | (SInv) [potion of mutation]
  9716 | D:8      | Lost mutation: You have supernaturally acute eyesight.
                  | (SInv) [potion of mutation]
  9716 | D:8      | Lost mutation: Your magical capacity is low. (-10% MP)
                  | [potion of mutation]
  9716 | D:8      | Gained mutation: You are robust. (+10% HP) [potion of
                  | mutation]
  9716 | D:8      | Gained mutation: Your body sometimes deteriorates upon
                  | taking damage. [potion of mutation]
  9716 | D:8      | Gained mutation: Your flesh is heat resistant. (rF+)
                  | [potion of mutation]
  9717 | D:8      | Lost mutation: Your body sometimes deteriorates upon taking
                  | damage. [potion of mutation]
  9717 | D:8      | Lost mutation: Your flesh is heat resistant. (rF+) [potion
                  | of mutation]
  9717 | D:8      | Lost mutation: You are robust. (+10% HP) [potion of
                  | mutation]
  9717 | D:8      | Gained mutation: You are strong-willed. (Will+) [potion of
                  | mutation]
  9717 | D:8      | Gained mutation: Your spells are a little harder to cast,
                  | but a little more powerful. [potion of mutation]
 10134 | D:8      | Noticed a three-headed hydra
 10382 | D:8      | Killed a three-headed hydra
 10694 | D:9      | Found a blossoming altar of Fedhas.
 10722 | D:9      | Reached *** piety under Qazlal
 10723 | D:9      | Found a flagged portal.
 10759 | Bailey   | Entered a bailey
 11061 | Bailey   | Learned a level 4 spell: Fulminant Prism
 11096 | Bailey   | Reached skill level 13 in Conjurations
 11114 | Bailey   | Reached XP level 11. HP: 56/61 MP: 20/24
 11228 | Bailey   | Identified the +6 plate armour of Senuvir {Dex+5 Slay+3}
 11992 | D:9      | Reached **** piety under Qazlal
 12322 | D:9      | Found an opulent altar of Gozag.
 12403 | D:9      | Noticed a purple ugly thing
 12403 | D:9      | Noticed a deep elf pyromancer
 12403 | D:9      | Noticed a centaur warrior
 12411 | D:9      | Reached skill level 1 in Shields
 12414 | D:9      | Killed a centaur warrior
 12416 | D:9      | Killed a deep elf pyromancer
 12471 | D:8      | Killed a purple ugly thing
 12615 | D:9      | Reached skill level 1 in Translocations
 12671 | D:9      | Noticed a boulder beetle
 12800 | D:9      | Killed a boulder beetle
 12801 | D:9      | Reached skill level 14 in Conjurations
 12925 | D:9      | Noticed a centaur warrior
 12932 | D:9      | Reached skill level 5 in Fighting
 12932 | D:9      | Killed a centaur warrior
 13121 | D:9      | Identified the +7 spear "Ydoruohu" {venom, *Rage Will+ MP+9
                  | SInv}
 13274 | D:9      | Found a runed translucent gate.
 13275 | D:9      | Found a runed translucent gate.
 13276 | D:9      | Found a runed translucent gate.
 13294 | D:9      | Noticed middlethird's ghost (novice VSTm)
 13304 | D:9      | Found a sacrificial altar of Ru.
 13568 | D:10     | Entered Level 10 of the Dungeon
 13799 | D:10     | Reached skill level 1 in Hexes
 13807 | D:10     | Reached XP level 12. HP: 38/68 MP: 24/26
 14084 | D:10     | Found a staircase to the Orcish Mines.
 14098 | D:10     | Reached ***** piety under Qazlal
 14242 | D:10     | Identified the +1 robe of Kerual {rN+}
 14481 | D:11     | Reached skill level 15 in Conjurations
 14487 | D:11     | Found a frozen archway.
 14542 | IceCv    | Entered an ice cave
 14784 | IceCv    | Reached skill level 1 in Evocations
 15065 | IceCv    | Reached skill level 1 in Polearms
 15387 | IceCv    | Reached skill level 10 in Spellcasting
 15612 | IceCv    | Noticed a reaper
 15669 | IceCv    | Killed a reaper
 16176 | D:8      | Bought a scroll of enchant armour for 90 gold pieces
 16204 | Lair:1   | Entered Level 1 of the Lair of Beasts
 17198 | Lair:2   | Reached skill level 16 in Conjurations
 17227 | Lair:1   | Reached XP level 13. HP: 72/72 MP: 2/28
 17775 | Lair:2   | Identified the ring of Deoggat {Ice Int-4 Dex+3}
 17899 | Lair:2   | Found a staircase to the Swamp.
 18201 | Lair:2   | Found a staircase to the Snake Pit.
 19145 | Lair:3   | Reached skill level 17 in Conjurations
 19170 | Lair:3   | Reached ****** piety under Qazlal
 19354 | Lair:3   | Identified the +4 trident of an ice cave {holy, *Noise
                  | rCorr Str+4 SInv}
 20279 | Lair:4   | Reached XP level 14. HP: 79/79 MP: 31/31
 20384 | Lair:4   | HP: 4/80 [cane toad (17)]
 20385 | Lair:4   | Succumbed to a cane toad's poison

Illustrated notes

Levels and vault maps discovered:
D:1:      grunt_arrival_crossed_arrows, layout_loops_corners,
          dreamdust_ecumenical_altar_statues
D:2:      layout_loops_cross, serial_co_window_serial,
          co_window_of_opportunity_a, co_window_of_opportunity_a,
          co_window_of_opportunity_a, co_window_paths_a, co_window_paths_b,
          co_window_broadway_b, co_window_unsneaky_path_b, co_window_2corner,
          glass_columns_a, glass_columns_b, supply_closet_lemuel,
          minmay_hedge_maze, uniq_jessica
D:3:      layout_loops_cross, nzn_overflow_gifts_of_might_and_magic,
          nicolae_overflow_crystal_walls, serial_shops, shop_fountains,
          uniq_sigmund, uniq_robin, uniq_crazy_yiuf_cottage, uniq_natasha
D:4:      layout_loops_ring
D:5:      layout_rooms, fiery_altar_vehumet, uniq_edmund, uniq_pikel,
          uniq_duvessa
D:6:      layout_rooms, nemelex_xobeh_ov_fountains_minmay,
          minmay_temple_entry_glass, uniq_grinder, uniq_eustachio
D:7:      layout_rooms, nicolae_wu_jian_immortal_techniques,
          nicolae_ossuary_entry_plus, serial_aquarium, aquarium_bridge_square
          [aquarium_subvault_wall, aquarium_subvault_balcony,
          aquarium_subvault_bridge, aquarium_subvault_wall],
          aquarium_bridge_square [aquarium_subvault_bridge,
          aquarium_subvault_bridge, aquarium_subvault_wall,
          aquarium_subvault_balcony], aquarium_window_corridor_2,
          aquarium_window_2, aquarium_window_2, aquarium_view_2d,
          aquarium_pool_2
D:8:      layout_loops_cross, dpeg_oklobed_lair, serial_shops,
          nicolae_shop_rolled_up, nicolae_water_bricks, hangedman_ranch
D:9:      minmay_shrinking_squares, layout_stronghold, nicolae_ru_awakened_eye,
          grunt_gozag_breadcrumbs, amcnicky_altar_gilded, enter_bailey_4,
          gammafunk_ghost_necromancy, minmay_chambers_of_fives
D:10:     layout_small_grid, minmay_orc_entry_temple_small
D:11:     minmay_the_grid_3x2 [minmay_the_grid_aliased_spiral,
          minmay_the_grid_slots, minmay_the_grid_gridbox, minmay_the_grid_box_x,
          minmay_the_grid_x, minmay_the_grid_prize_inner_circle],
          layout_loops_corners, portal_ice_cave_demonic_guard
Temple:   cyrus_circular_temple
Lair:1:   layout_cave_pods, lemuel_old_faithful, lemuel_fruit_fields
Lair:2:   layout_cave_pods, skrybe_swamp_entry_bodies,
          nicolae_snake_entry_warm_welcome
Lair:3:   layout_big_grid, grunt_megastairs_4, lemuel_fruit_fields
Lair:4:   layout_regular_city, beast_lair_carwin_5

Skill      XL: |  1  2  3  4  5  6  7  8  9 10 11 12 13 14 |
---------------+-------------------------------------------+-----
Conjurations   | 6 8 9 11 13 14 16 17 | 17.8
Ranged Weapons | 1 2 3 5 |  5.4
Armour         | 1 2 3 4 5 6 8 9 |  9.4
Fighting       | 1 2 4 5 6 |  6.0
Spellcasting   | 3 5 6 8 9 10 12 | 12.2
Axes           | 2 3 4 5 7 |  7.0
Shields        | 1 2 3 |  3.8
Translocations | 1 2 3 |  3.4
Hexes          | 1 |  1.7
Evocations     | 1 |  1.0
Polearms       | 1 3 |  3.8
Throwing       | |  0.8
Dodging        | |  2.1
Stealth        | |  2.0

Action                     |  1- 3 |  4- 6 |  7- 9 | 10-12 | 13-15 || total
---------------------------+-------+-------+-------+-------+-------++-------
  Melee: Hand axe          |       |       |     5 |       |       ||     5
         Kick              |       |       |     1 |    12 |    38 ||    51
         Peck              |       |       |     1 |     6 |    18 ||    25
         Spear             |       |       |       |    47 |   119 ||   166
         Punch             |       |       |       |     1 |       ||     1
   Fire: Sling             |    37 |    37 |   109 |   165 |       ||   348
  Throw: Boomerang         |       |       |       |     2 |       ||     2
         Throwing net      |       |       |       |     1 |       ||     1
   Cast: Magic Dart        |    10 |     6 |    61 |     1 |       ||    78
         Searing Ray       |     6 |    21 |    59 |   135 |    29 ||   250
         Iskenderun's Myst |       |       |       |    58 |    46 ||   104
         Fulminant Prism   |       |       |       |    41 |    10 ||    51
  Evoke: Wand              |       |       |     1 |     8 |       ||     9
    Use: Scroll            |       |     9 |     2 |    15 |     5 ||    31
         Potion            |       |       |       |     5 |       ||     5
 Armour: Robe              |     1 |     2 |    18 |       |       ||    21
         Leather armour    |       |       |     1 |    62 |    53 ||   116
  Dodge: Dodged            |     6 |     7 |    51 |   182 |   107 ||   353
         Repelled          |       |       |       |     3 |     3 ||     6
  Block: Other             |       |       |     1 |    59 |    52 ||   112
